Map: Arctic Dream LE

Players

sorcio - Winner!

  • Race: Terran Terran
  • League: Diamond
  • Spawn Location: 6:00

Nosol - Winner!

  • Race: Terran Terran
  • Spawn Location: 5:00

qqq

  • Race: Zerg Zerg
  • Spawn Location: 12:00

Massa

  • Race: Terran Terran
  • League: Platinum
  • Spawn Location: 11:00

VOD

Have the link to the VOD?

Description

Time

  • Played on: Nov. 11, 2020, 2:33 p.m.
  • Length: 18:00
Show
View Real Time Build Order
Export as new Build Order

sorcio Terran - Winner!

Build Orders: Reaper Expand, Hellion Banshee 

Get SALT Encoding   

  12  0:00  SCV  
  13  0:12  SCV  
  14  0:17  Supply Depot  
  14  0:24  SCV  
  15  0:38  Refinery  
  15  0:43  Barracks  
  15  0:44  SCV  
  16  0:56  SCV  
  17  1:08  SCV  
  18  1:20  SCV  
  19  1:36  Reaper  
  19  1:38  Orbital Command  
  20  1:45  Command Center  
  20  1:58  Factory  
  20  2:04  SCV  
  21  2:10  Refinery  
  21  2:15  Supply Depot  
  21  2:16  Barracks Reactor  
  21  2:30  SCV  
  22  2:42  SCV  
  23  2:51  Starport  
  23  3:04  Barracks Reactor  
  23  3:09  SCV  
  23  3:10  Hellion x2  
  28  3:15  Orbital Command  
  28  3:21  SCV  
  29  3:32  Starport Tech Lab  
  29  3:34  Hellion x2  
  32  3:40  SCV  
  33  3:43  SCV  
  34  3:48  Barracks  
  34  3:51  Barracks  
  34  3:52  SCV  
  34  3:55  SCV, Hellion x2  
  40  4:02  Banshee  
  43  4:03  Cloaking Field  
  43  4:06  SCV  
  44  4:10  Supply Depot  
  44  4:17  Marine x2  
  46  4:32  Hellion x2  
  50  4:50  SCV, Banshee  
  52  4:55  Barracks Tech Lab  
  52  4:56  Barracks Reactor  
  52  4:57  Marine x2  
  52  4:58  Widow Mine  
  54  5:06  Widow Mine  
  54  5:09  SCV x2  
  50  5:16  Command Center  
  50  5:21  SCV x2  
  50  5:25  Marine, Stimpack  
  50  5:26  Marine x2  
  51  5:33  SCV  
  49  5:44  Marauder  
  49  5:49  Marine x2  
  53  5:58  SCV  
  53  6:01  Refinery  
  53  6:03  Refinery  
  54  6:04  Engineering Bay  
  54  6:09  Engineering Bay  
  54  6:12  Supply Depot  
  54  6:15  Supply Depot  
  54  6:28  SCV, Marauder, Marine x4, Medivac x2, Siege Tank  
  68  6:36  Orbital Command  
  68  6:37  SCV  
  68  6:39  Missile Turret  
  69  6:40  SCV  
  69  6:41  Missile Turret  
  69  6:45  Marine x4  
  74  6:49  SCV, Marine  
  74  6:52  SCV  
  77  7:00  Siege Tank  
  80  7:01  SCV  
  80  7:03  Marine x2  
  80  7:04  SCV  
  84  7:11  Marine  
  85  7:17  Marine x2, Medivac x2  
  85  7:18  Supply Depot  
  85  7:21  Orbital Command, Marine x2, Supply Depot  
  93  7:35  Bunker  
  93  7:39  Marine x2  
  93  7:40  Siege Tank  
  97  7:47  Marine x2  
  97  7:48  Marine  
  97  7:49  Medivac  
  102  7:57  Marine  
  102  7:58  Marauder  
  105  8:05  SCV x2, Marine x2  
  106  8:08  Supply Depot  
  109  8:23  SCV, Marine x2, Medivac x2  
  109  8:24  SCV x2, Marine  
  109  8:25  Siege Tank  
  101  8:35  SCV, Marine x2  
  101  8:41  Marine x2  
  104  8:42  Marine  
  107  8:48  Missile Turret  
  107  8:50  Missile Turret  
  107  8:53  Liberator x2  
  112  8:58  Siege Tank  
  112  9:11  Refinery  
  112  9:15  Refinery  
  112  9:16  SCV x3  
  113  9:17  Marine  
  113  9:18  Marine x4  
  113  9:21  Terran Infantry Armor Level 1, Terran Infantry Weapons Level 1  
  113  9:23  Armory  
  114  9:25  Combat Shield  
  114  9:28  SCV  
  114  9:30  Siege Tank  
  116  9:35  Marine  
  117  9:47  Supply Depot  
  117  9:48  Supply Depot  
  117  10:08  Marine x3  
  117  10:09  SCV x3, Liberator  
  117  10:13  Sensor Tower  
  126  10:14  Marine, Terran Vehicle Weapons Level 1  
  126  10:15  Marine  
  128  10:26  Marine x3  
  131  10:32  Marine x2  
  133  10:50  Marine x2  
  133  10:54  Marine  
  133  10:55  Marine  
  133  11:00  Marine  
  132  11:06  Viking  
  132  11:07  Barracks, Marine, Viking  
  132  11:08  Barracks, Marine  
  116  11:12  Marine  
  116  11:13  Marine  
  116  11:17  Marine  
  107  11:21  Missile Turret  
  107  11:22  SCV  
  92  11:33  Orbital Command  
  87  11:40  Marine x3  
  82  12:06  Marine x3  
  83  12:14  Siege Tank  
  83  12:15  Marine x2  
  84  12:22  Barracks Tech Lab  
  84  12:23  Barracks Reactor  
  84  12:24  Marine x3  
  84  12:29  SCV  
  84  12:30  SCV x2  
  84  12:31  Terran Infantry Weapons Level 2  
  84  12:35  Terran Vehicle And Ship Armor Level 1  
  85  12:43  Engineering Bay  
  74  12:52  Marauder x2, Marine x4  
  74  12:54  Siege Tank  
  74  12:55  Liberator x2  
  74  12:56  SCV  
  74  12:57  SCV  
  74  12:58  SCV  
  89  13:03  Command Center  
  89  13:07  Marine  
  89  13:08  SCV, Marine  
  89  13:10  Marine x4  
  96  13:13  Marauder, Marine  
  96  13:16  Missile Turret  
  99  13:20  Missile Turret  
  99  13:25  Marine x2  
  101  13:28  Marine x4  
  101  13:31  Marauder  
  107  13:34  Marine  
  107  13:38  Siege Tank  
  111  13:42  Factory  
  111  13:43  Marine x2  
  111  13:45  Marine  
  111  13:46  Marine x3  
  117  13:52  Marine x2  
  119  14:01  Marine x2  
  121  14:03  Marine x3, Liberator x2  
  121  14:04  Marine  
  121  14:07  Armory  
  131  14:10  Marauder  
  131  14:11  Marine  
  131  14:15  Siege Tank  
  135  14:19  Marine x2  
  135  14:21  Marine x3  
  135  14:22  Marine  
  138  14:30  Marauder  
  138  14:31  SCV x2, Marine  
  142  14:36  Marine  
  121  14:50  Marauder  
  123  14:55  Viking x2  
  123  14:56  Siege Tank  
  130  15:02  Orbital Command  
  130  15:04  Terran Vehicle And Ship Armor Level 2  
  130  15:05  Terran Ship Weapons Level 1  
  130  15:06  Terran Infantry Armor Level 2  
  130  15:10  Terran Infantry Weapons Level 3  
  122  15:36  Fusion Core  
  116  15:52  Concussive Shells  
  116  15:53  Marauder x2, Marine x6  
  126  15:58  Starport  
  126  15:59  Starport  
  126  16:11  Marine  
  127  16:14  Marauder  
  129  16:56  Starport Tech Lab  
  129  16:57  Starport Tech Lab  
  129  16:58  Orbital Command  
  129  17:04  Starport Tech Lab  
  130  17:35  SCV x2  
  132  17:37  Refinery, SCV  
  132  17:39  Refinery  
Show
View Real Time Build Order
Export as new Build Order

Nosol Terran - Winner!

Build Orders:  

Get SALT Encoding   

  12  0:00  SCV  
  13  0:12  SCV  
  14  0:24  Supply Depot  
  14  0:25  SCV  
  15  0:33  Refinery  
  15  0:45  SCV  
  16  0:51  Supply Depot  
  16  0:58  SCV  
  17  1:07  Barracks  
  17  1:10  SCV  
  18  1:16  Supply Depot  
  18  1:22  SCV  
  19  1:34  SCV  
  19  1:50  SCV  
  20  2:00  Barracks Tech Lab  
  20  2:02  SCV  
  20  2:06  Refinery  
  21  2:14  SCV  
  22  2:16  Factory  
  22  2:26  SCV  
  23  2:34  Marine  
  24  2:38  SCV  
  25  2:50  SCV, Ghost Academy  
  26  2:52  Marine  
  27  3:04  Supply Depot  
  27  3:09  Marine  
  28  3:14  Command Center  
  28  3:29  Personal Cloaking  
  28  3:31  Factory Tech Lab  
  28  3:34  Marine  
  29  3:42  Barracks  
  29  3:45  Orbital Command  
  29  3:52  Marine  
  29  3:53  Siege Tank  
  33  4:11  Ghost  
  35  4:26  Stimpack  
  35  4:29  Barracks  
  35  4:32  SCV  
  36  4:44  SCV, Ghost  
  39  4:50  Marine  
  40  4:55  Nuke  
  40  5:03  SCV  
  40  5:04  Supply Depot  
  41  5:08  Marine  
  42  5:15  SCV  
  42  5:20  Siege Tank  
  46  5:22  Barracks Tech Lab  
  46  5:26  Barracks Reactor, Marine  
  47  5:32  SCV  
  48  5:36  SCV  
  49  5:43  Refinery  
  49  5:44  SCV  
  49  5:45  Marauder  
  49  5:48  SCV  
  53  6:05  SCV  
  53  6:06  Marine  
  55  6:17  SCV  
  56  6:29  SCV  
  57  6:37  SCV  
  58  6:41  SCV  
  59  6:49  SCV  
  59  6:54  SCV  
  61  7:02  Ghost Academy  
  61  7:13  Marauder, Marine x2  
  61  7:14  Marauder  
  67  7:30  Marine  
  67  7:31  Marine  
  69  7:42  Supply Depot  
  69  7:46  Supply Depot  
  69  7:51  Barracks  
  69  7:53  Barracks  
  69  7:54  Barracks  
  69  7:55  Barracks x2  
  69  8:00  Barracks, Marauder  
  68  8:06  Supply Depot  
  68  8:10  Supply Depot  
  50  8:32  Marauder, Marine x2  
  25  8:49  Marine  
  25  8:50  Marine  
  25  8:54  Marauder  
  27  9:07  Marine x2  
  27  9:15  Marauder  
  29  9:25  Marine x2  
  29  9:26  Nuke x2  
  29  9:30  Command Center  
  31  9:36  Marauder  
  33  9:38  Barracks Tech Lab  
  33  9:40  Barracks Tech Lab x2  
  33  9:41  Barracks Reactor  
  33  9:43  Marine  
  34  9:47  Marine  
  35  9:58  Marauder  
  37  10:01  Marine  
  37  10:03  Barracks  
  37  10:06  Barracks  
  38  10:10  Siege Tank  
  41  10:18  Ghost  
  41  10:19  Engineering Bay  
  43  10:22  Marauder, Marine x3  
  43  10:23  Marauder x2  
  52  10:39  Starport  
  52  10:42  Siege Tank  
  55  10:44  Marauder  
  55  10:47  Ghost  
  59  10:54  SCV x2  
  61  11:04  Missile Turret  
  61  11:06  SCV x2  
  63  11:16  Marauder  
  63  11:18  SCV  
  32  12:23  Nuke  
  28  12:40  SCV  
  28  12:43  Marauder, Marine  
  32  12:47  Barracks Reactor, Barracks Tech Lab  
  32  12:48  Marine  
  32  12:49  Marauder x3, Marine x2  
  41  12:51  SCV  
  41  12:53  SCV  
  43  13:01  Refinery, Nuke  
  43  13:02  Refinery  
  43  13:03  SCV  
  43  13:04  Ghost  
  43  13:05  SCV  
  47  13:11  Starport Reactor  
  47  13:15  SCV  
  47  13:17  SCV  
  49  13:28  SCV  
  49  13:29  SCV  
  51  13:40  SCV  
  52  13:42  Marauder, Marine x4  
  52  13:43  Marauder x3, Marine x3  
  67  14:00  Marine x2  
  68  14:09  SCV x2  
  70  14:21  SCV x2, Marauder x2, Marine x3  
  79  14:33  SCV x2  
  76  14:45  SCV x2  
  53  14:55  Marauder, Marine x4  
  53  14:56  Marauder x4, Marine x2  
  69  15:13  Nuke, Marine x3  
  70  15:17  Marauder  
  72  15:29  Command Center  
  72  15:32  Ghost  
  72  15:34  Ghost  
  76  15:49  Marine x2  
  79  15:50  Marauder x2, Marine  
  83  16:07  SCV  
  74  16:19  SCV  
  73  16:31  SCV  
  73  17:12  Marine  
  73  17:13  Marauder x2, Marine x5  
  73  17:14  Marauder x3  
  83  17:30  Marine  
  83  17:31  Marine x5  
  83  17:34  Marauder  
  83  17:35  Marauder x4  
Show
View Real Time Build Order
Export as new Build Order

qqq Zerg 

Build Orders: Hatch First, Muta Ling Bane 

Get SALT Encoding   

  12  0:00  Drone  
  13  0:08  Drone  
  14  0:36  Hatchery  
  13  0:43  Overlord  
  13  0:48  Drone  
  14  0:51  Extractor  
  13  0:58  Drone  
  14  1:05  Drone  
  14  1:06  Drone  
  16  1:19  Drone  
  16  1:25  Extractor  
  16  1:30  Drone  
  18  1:37  Spawning Pool  
  17  1:43  Drone  
  18  2:00  Drone x2  
  20  2:02  Drone x2  
  22  2:11  Drone x2  
  24  2:20  Drone  
  25  2:24  Queen  
  27  2:30  Overlord  
  27  2:37  Overlord  
  27  2:39  Drone  
  27  2:43  Metabolic Boost  
  28  2:48  Queen  
  28  2:49  Zergling x2  
  31  2:53  Drone x2  
  31  2:55  Zergling x2  
  34  3:02  Extractor  
  34  3:10  Drone  
  34  3:12  Zergling x2  
  36  3:20  Zergling x2  
  36  3:21  Zergling x2  
  38  3:27  Hatchery, Zergling x2  
  38  3:38  Drone x2  
  38  3:40  Overlord  
  40  3:44  Lair  
  40  3:48  Drone  
  40  3:49  Drone x2, Extractor  
  40  3:50  Drone  
  43  3:56  Drone  
  43  3:57  Evolution Chamber  
  42  4:20  Drone x4  
  42  4:22  Spine Crawler, Zergling x4  
  47  4:30  Drone  
  47  4:45  Zergling x4  
  45  4:46  Zergling x6  
  45  4:52  Zergling x2  
  46  4:58  Drone  
  46  4:59  Zergling x4  
  38  5:09  Drone  
  37  5:19  Spire  
  35  5:36  Drone x3  
  35  5:37  Queen  
  40  5:47  Spore Crawler  
  39  5:53  Drone x3, Spore Crawler  
  39  5:55  Drone x4  
  45  6:02  Drone  
  45  6:03  Drone x3  
  49  6:07  Drone  
  50  6:12  Hatchery  
  50  6:13  Queen  
  50  6:16  Drone x3  
  50  6:17  Drone x2  
  56  6:18  Hatchery  
  56  6:20  Drone  
  53  6:28  Drone  
  54  6:33  Overseer  
  54  6:55  Spore Crawler  
  54  6:56  Drone x5  
  58  7:02  Overlord x3  
  58  7:03  Overlord x2  
  58  7:11  Zerg Melee Weapons Level 1  
  58  7:17  Hydralisk Den  
  57  7:25  Extractor  
  57  7:27  Extractor  
  57  7:28  Mutalisk x5  
  65  7:30  Drone x2  
  67  7:37  Baneling Nest  
  53  7:57  Mutalisk  
  55  8:03  Zergling x10  
  60  8:16  Mutalisk  
  60  8:17  Hydralisk  
  60  8:18  Drone  
  60  8:19  Drone x2  
  67  8:29  Mutalisk  
  67  8:31  Drone  
  67  8:32  Drone x2  
  72  8:42  Zergling x2  
  72  8:43  Drone, Zergling x2  
  72  8:45  Baneling x2  
  72  8:46  Baneling x3  
  75  8:58  Drone x4  
  75  8:59  Hatchery  
  78  9:08  Centrifical Hooks  
  78  9:12  Mutalisk, Zergling x4  
  78  9:13  Zergling x4  
  78  9:14  Hydralisk  
  78  9:15  Drone x2  
  88  9:21  Baneling x3  
  88  9:24  Overlord x3  
  88  9:52  Drone x6  
  94  9:56  Zerg Melee Weapons Level 2  
  94  9:59  Infestation Pit  
  93  10:00  Zergling x6  
  96  10:15  Spine Crawler  
  96  10:16  Spine Crawler  
  96  10:17  Spine Crawler  
  96  10:18  Drone x4  
  96  10:19  Drone, Spine Crawler, Hatchery, Mutalisk x2  
  96  10:20  Spore Crawler  
  96  10:21  Hydralisk  
  99  10:22  Drone, Spine Crawler  
  101  10:40  Zergling x2  
  101  10:41  Zergling x6  
  96  11:06  Hatchery  
  96  11:07  Mutalisk  
  96  11:08  Mutalisk x3  
  96  11:09  Zergling x10  
  96  11:10  Drone x4  
  112  11:16  Baneling x4  
  112  11:17  Baneling  
  87  11:36  Mutalisk x3  
  87  11:38  Zergling x6  
  87  11:39  Drone x3  
  88  11:40  Drone x3, Zergling x6  
  88  11:59  Mutalisk x2  
  90  12:01  Zergling x6  
  90  12:06  Extractor  
  90  12:07  Extractor  
  88  12:09  Extractor  
  88  12:11  Extractor  
  68  12:18  Mutalisk x2  
  68  12:19  Zergling x4  
  68  12:20  Drone x2  
  68  12:21  Drone x2, Zergling x4  
  76  12:25  Corruptor  
  75  12:35  Spore Crawler  
  70  12:38  Drone  
  70  12:40  Hive  
  70  12:52  Drone x6  
  76  13:04  Drone x2  
  78  13:07  Extractor  
  77  13:14  Hydralisk Den  
  77  13:17  Spire  
  75  13:22  Drone x2  
  75  13:23  Drone  
  75  13:24  Drone x5  
  75  13:25  Drone x3  
  86  13:30  Spine Crawler x2  
  84  13:37  Drone x3  
  87  13:44  Baneling x8  
  87  13:45  Baneling, Zergling x4  
  87  13:46  Hydralisk x2, Zergling x6  
  87  13:47  Drone x2  
  87  13:48  Drone  
  99  13:57  Extractor  
  99  13:59  Extractor  
  97  14:03  Spine Crawler  
  97  14:05  Spine Crawler  
  97  14:08  Baneling x4  
  97  14:09  Baneling x7  
  95  14:10  Overlord x4  
  95  14:11  Overlord x3  
  95  14:22  Overlord x2  
  95  14:27  Ultralisk Cavern  
  63  14:47  Hydralisk x5  
  63  14:48  Hydralisk  
  63  14:49  Drone x5  
  74  15:05  Hydralisk x4  
  83  15:07  Drone x3  
  83  15:11  Drone  
  83  15:13  Spore Crawler  
  85  15:18  Drone  
  85  15:20  Hatchery, Ultralisk x2  
  97  15:26  Hatchery  
  96  15:29  Lurker Den  
  95  15:35  Spine Crawler  
  100  15:42  Ultralisk  
  100  15:44  Zergling x2  
  86  15:53  Evolution Chamber, Muscular Augments  
  86  15:54  Anabolic Synthesis  
  84  16:00  Zergling x10  
  69  16:25  Drone  
  69  16:26  Drone x2  
  69  16:27  Ultralisk  
  69  16:28  Zergling x2  
  79  16:36  Hydralisk, Chitinous Plating  
  79  16:37  Hydralisk  
  83  16:45  Hydralisk  
  84  17:14  Hydralisk x2  
  89  17:15  Ultralisk  
  89  17:16  Zergling x2  
Show
View Real Time Build Order
Export as new Build Order

Massa Terran 

Build Orders:  

Get SALT Encoding   

  12  0:00  SCV  
  13  0:12  SCV  
  14  0:17  Supply Depot  
  14  0:25  SCV  
  15  0:38  SCV  
  15  0:40  Barracks  
  16  0:50  SCV  
  16  0:51  Refinery  
  17  1:03  SCV  
  18  1:16  SCV  
  19  1:28  SCV  
  20  1:34  Command Center  
  20  1:38  Reaper  
  21  1:42  Orbital Command  
  21  1:52  Supply Depot  
  21  2:08  SCV  
  21  2:09  Marine  
  23  2:18  Factory  
  23  2:20  SCV  
  24  2:27  Marine  
  25  2:33  SCV  
  25  2:45  SCV, Marine  
  25  2:50  Barracks  
  25  2:51  Orbital Command  
  27  2:57  Barracks  
  27  3:04  Hellion  
  28  3:12  Barracks Reactor  
  28  3:20  SCV x2  
  29  3:32  SCV x2  
  31  3:36  Widow Mine  
  33  3:44  Engineering Bay  
  33  3:45  Barracks Reactor, Barracks Tech Lab  
  33  3:50  Marine  
  33  3:51  Marine  
  35  3:57  Refinery  
  35  3:59  Refinery  
  35  4:01  Command Center  
  35  4:07  Factory Tech Lab  
  35  4:08  Marine x2  
  37  4:15  Refinery, SCV x2  
  39  4:26  Marine  
  39  4:27  SCV x2  
  39  4:30  Supply Depot  
  42  4:32  Siege Tank  
  42  4:36  Marine  
  46  4:41  Supply Depot  
  46  4:43  Stimpack  
  46  4:51  SCV x2, Marine x2  
  46  4:52  Marauder  
  52  4:54  Marine x2  
  54  5:08  Starport  
  54  5:09  Marine x2  
  54  5:10  Missile Turret  
  54  5:13  Marauder, Missile Turret  
  58  5:14  Siege Tank  
  58  5:16  Marine  
  58  5:17  Marine  
  63  5:28  SCV x2  
  63  5:34  Marauder  
  66  5:48  Missile Turret  
  66  5:50  Siege Tank  
  66  5:51  Marine  
  66  5:53  Medivac  
  66  5:56  Marauder  
  74  6:00  SCV x2  
  76  6:06  Supply Depot  
  76  6:11  Supply Depot  
  76  6:12  SCV  
  76  6:18  Sensor Tower  
  77  6:27  Marine, Medivac  
  77  6:28  SCV x2, Marauder  
  84  6:40  SCV  
  84  6:41  Orbital Command  
  84  6:43  SCV  
  86  6:52  SCV  
  87  6:55  SCV  
  87  6:57  Medivac, Combat Shield  
  90  7:23  SCV x3  
  93  7:41  Supply Depot  
  93  7:42  Supply Depot  
  93  7:43  Supply Depot  
  93  8:01  SCV  
  93  8:02  SCV x2, Liberator  
  93  8:07  Supply Depot  
  93  8:08  Supply Depot  
  93  8:09  Supply Depot  
  91  8:13  SCV  
  91  8:14  SCV x2  
  91  8:16  Concussive Shells  
  94  8:28  Marauder  
  94  8:29  Marine x4  
  93  8:46  Marine  
  93  8:47  Marine x3  
  95  8:50  Marauder  
  93  9:00  Siege Tank  
  84  9:04  Marine  
  84  9:05  Marine x3  
  85  9:11  Marauder  
  84  9:18  Command Center  
  84  9:19  Medivac  
  84  9:22  Marine  
  84  9:23  Marine x3  
  87  9:32  Marauder, Siege Tank  
  87  9:35  Barracks x2  
  92  9:39  Barracks  
  92  9:40  Marine  
  93  9:49  Medivac  
  93  9:53  Marine  
  93  9:54  Marauder, Marine x2  
  93  9:58  Marine  
  97  10:04  Siege Tank  
  100  10:11  Marine  
  100  10:12  Marine x2  
  103  10:15  Marauder  
  103  10:19  Marine  
  106  10:23  Barracks  
  106  10:28  Marine  
  106  10:30  Marine x2  
  109  10:37  Marauder, Marine, Siege Tank  
  115  10:45  Sensor Tower  
  115  10:46  Marine  
  115  10:48  Marine  
  117  10:58  Marauder  
  119  11:09  Siege Tank  
  100  11:19  Marauder  
  100  11:22  Marine  
  100  11:23  Marine x6  
  73  11:40  Marine  
  73  11:41  Marauder, Marine x6  
  79  11:53  Viking  
  79  11:58  Marine x2  
  79  11:59  Marine x5  
  84  12:02  Marauder  
  81  12:16  Marine x2  
  81  12:17  Marine x5  
  83  12:23  Viking  
  83  12:24  Marauder  
  77  12:34  Marine x2  
  77  12:35  Marine x3  
  79  12:40  Siege Tank  
  82  12:45  Marauder  
  82  12:51  Barracks Tech Lab x2  
  77  12:52  Marine x5  
  82  13:00  SCV x2  
  84  13:06  Marauder  
  84  13:09  Starport Reactor, Marine  
  84  13:11  Marauder x2  
  84  13:12  SCV x2  
  93  13:13  Sensor Tower, Terran Infantry Weapons Level 1, Siege Tank  
  93  13:18  Engineering Bay  
  96  13:20  Armory  
  96  13:22  Armory  
  96  13:24  SCV x2  
  98  13:28  Marauder  
  100  13:34  Orbital Command  
  100  13:36  SCV x2  
  100  13:38  Refinery  
  100  13:40  Refinery  
  102  13:45  Siege Tank  
  102  13:47  Marauder x2, Marine  
  110  13:49  Marauder  
  110  13:53  Command Center  
  112  14:00  Marine x2  
  112  14:01  Marine  
  115  14:08  Marauder  
  115  14:09  Marauder  
  119  14:10  Marauder  
  119  14:15  SCV x3  
  124  14:27  SCV x3  
  124  14:30  Marauder  
  129  14:39  SCV x2  
  124  15:11  Planetary Fortress  
  124  15:15  Missile Turret  
  124  15:18  Missile Turret  
  96  15:25  Marauder x3, Marine  
  96  15:26  Marine x4  
  78  15:39  Missile Turret  
  78  15:41  Missile Turret  
  78  15:46  Marauder x2  
  78  15:47  Marauder, Siege Tank  
  84  15:54  SCV x4  
  88  16:03  Command Center  
  88  16:06  SCV x4, Factory  
  88  16:07  Factory, Medivac x2  
  88  16:08  Marauder, Factory  
  98  16:19  Siege Tank  
  101  16:31  Refinery x2  
  101  16:37  Medivac x2  
  105  16:43  Command Center  
  102  16:51  Factory Tech Lab x3, Siege Tank  
  104  17:07  Medivac  
  103  17:19  Marauder x3  
  100  17:23  Marine x3  
  100  17:24  Marine x2  
  115  17:41  Marine x5  
Tags
 
Add a new tag
Caveats
  • Supply blocks, unpowered buildings, or Contaminate may cause inaccurate times.
  • Supply counts are checked every 10 seconds.